Map: Nightshade LE

Players

Tiesto

  • Race: Zerg Zerg
  • League: Gold
  • Spawn Location: 5:00

antagomiR - Winner!

  • Race: Protoss Protoss
  • League: Gold
  • Spawn Location: 11:00

VOD

Have the link to the VOD?

Description

Time

  • Played on: April 11, 2020, 5:51 p.m.
  • Length: 16:55
Show
View Real Time Build Order
Export as new Build Order

Tiesto Zerg 

Build Orders: Pool First 

Get SALT Encoding   

  12  0:04  Drone  
  13  0:13  Overlord  
  13  0:20  Drone  
  14  0:33  Drone x2  
  16  0:41  Drone  
  17  0:50  Spawning Pool  
  17  0:51  Drone  
  17  1:08  Drone  
  18  1:12  Drone  
  19  1:23  Drone  
  20  1:33  Drone  
  21  1:51  Hatchery, Queen, Overlord x2  
  22  2:04  Extractor  
  22  2:05  Drone  
  22  2:22  Extractor  
  21  2:25  Drone x2  
  23  2:35  Queen  
  25  2:37  Overlord  
  25  2:45  Roach Warren  
  24  3:04  Drone x3  
  27  3:18  Drone x5  
  32  3:27  Metabolic Boost  
  32  3:34  Roach x2  
  32  3:35  Roach x2  
  32  3:36  Zergling x2  
  32  3:37  Zergling x2  
  42  3:49  Overlord x2  
  42  4:12  Drone x8  
  50  4:18  Roach x2  
  50  4:21  Lair  
  54  4:32  Queen  
  54  4:38  Extractor  
  55  4:40  Extractor, Roach x2  
  55  4:41  Roach x2  
  55  4:42  Roach x2  
  55  4:43  Roach  
  68  4:50  Overlord x2  
  68  4:51  Overlord  
  68  5:17  Roach  
  68  5:18  Roach x8  
  86  5:35  Overlord  
  86  5:36  Overlord x3  
  86  5:48  Drone x3  
  86  5:49  Drone x2  
  91  5:56  Drone  
  93  5:57  Drone x2  
  93  5:59  Drone  
  93  6:00  Drone  
  96  6:07  Drone  
  97  6:30  Spire  
  96  6:33  Glial Reconstitution  
  96  6:34  Infestation Pit  
  95  7:00  Drone x4  
  99  7:09  Extractor  
  99  7:12  Hive  
  99  7:14  Extractor  
  99  7:15  Hatchery  
  96  7:27  Spore Crawler  
  96  7:29  Spore Crawler, Drone x2  
  97  7:30  Spore Crawler, Drone  
  96  7:42  Overlord x5  
  96  7:46  Mutalisk x2  
  96  7:47  Mutalisk x5  
  96  7:50  Overlord x2  
  110  8:18  Drone x3  
  114  8:20  Drone x3  
  116  8:48  Hydralisk Den  
  116  8:52  Drone x3  
  116  8:53  Drone x11  
  129  8:59  Mutalisk x4  
  137  9:19  Queen  
  139  9:26  Queen  
  139  9:28  Pneumatized Carapace  
  141  9:36  Extractor x2  
  122  9:55  Burrow  
  116  10:01  Zergling x26  
  116  10:02  Zergling x14  
  136  10:11  Spine Crawler  
  136  10:12  Spine Crawler  
  133  10:15  Spine Crawler  
  132  10:46  Spawning Pool  
  132  10:47  Spire  
  130  10:53  Drone x3  
  130  10:54  Drone x9  
  142  11:07  Hydralisk x8  
  158  11:25  Drone  
  158  11:26  Drone x2  
  158  11:29  Drone x3  
  164  11:40  Spine Crawler  
  164  11:42  Spine Crawler  
  164  11:43  Spine Crawler x3  
  159  11:47  Queen  
  161  12:00  Greater Spire, Mutalisk x5  
  161  12:01  Mutalisk x6  
  183  12:13  Drone  
  183  12:14  Drone  
  185  12:18  Overlord x4  
  175  12:53  Mutalisk  
  175  12:54  Mutalisk x7  
  191  13:03  Drone x3  
  194  13:09  Hatchery  
  193  13:18  Evolution Chamber  
  193  13:19  Zerg Flyer Weapons Level 1  
  192  13:20  Evolution Chamber  
  192  13:21  Grooved Spines  
  192  13:23  Adrenal Glands  
  179  13:51  Zerg Melee Weapons Level 1, Zerg Missile Weapons Level 1  
  179  14:01  Ultralisk Cavern  
  178  14:16  Roach x3  
  178  14:17  Roach x8  
  200  14:32  Muscular Augments  
  116  15:02  Zergling x2  
  116  15:03  Zergling x34  
  70  15:15  Hydralisk x3  
  57  15:33  Zergling x6  
  44  15:49  Ultralisk x3  
  58  15:58  Zergling x2  
  58  15:59  Zergling x6  
  55  16:13  Zergling x4  
Show
View Real Time Build Order
Export as new Build Order

antagomiR Protoss - Winner!

Build Orders: Chargelot Immortal 

Get SALT Encoding   

  12  0:01  Probe  
  13  0:13  Probe  
  14  0:21  Pylon  
  14  0:25  Probe  
  15  0:39  Gateway  
  15  0:40  Probe (Chrono Boost)  
  16  0:52  Probe (Chrono Boost), Assimilator  
  17  1:10  Probe  
  18  1:12  Assimilator  
  18  1:29  Probe  
  19  1:38  Cybernetics Core  
  19  1:42  Probe  
  20  1:54  Probe  
  21  2:01  Pylon  
  21  2:07  Probe  
  22  2:15  Nexus  
  22  2:16  Warp Gate  
  22  2:19  Probe  
  23  2:32  Robotics Facility  
  23  2:43  Robotics Facility  
  23  2:45  Stalker (Chrono Boost)  
  23  2:50  Probe (Chrono Boost)  
  26  3:02  Probe (Chrono Boost)  
  26  3:03  Shield Battery  
  27  3:07  Probe (Chrono Boost)  
  28  3:16  Probe, Zealot (Chrono Boost)  
  31  3:26  Pylon  
  31  3:28  Probe  
  31  3:29  Probe  
  33  3:40  Probe  
  33  3:41  Probe, Sentry  
  37  3:50  Gateway  
  37  3:52  Probe  
  37  3:53  Probe  
  37  3:55  Observer (Chrono Boost)  
  40  4:05  Probe  
  40  4:09  Immortal (Chrono Boost)  
  41  4:16  Probe  
  41  4:17  Probe  
  47  4:24  Pylon  
  47  4:28  Probe  
  47  4:29  Gateway  
  48  4:35  Twilight Council  
  48  4:36  Probe  
  49  4:40  Probe  
  49  4:45  Sentry x2  
  52  4:48  Probe  
  52  4:49  Immortal  
  59  4:58  Probe  
  60  5:00  Probe  
  60  5:05  Assimilator  
  61  5:07  Assimilator  
  61  5:11  Probe  
  61  5:13  Charge (Chrono Boost)  
  62  5:16  Forge  
  62  5:28  Observer  
  62  5:32  Pylon  
  62  5:45  Robotics Facility  
  62  5:50  Probe x2, Immortal  
  68  6:02  Probe  
  69  6:10  Protoss Ground Weapons Level 1 (Chrono Boost)  
  69  6:14  Pylon  
  69  6:18  Pylon  
  69  6:32  Immortal  
  73  6:36  Pylon  
  73  6:42  Pylon  
  73  7:00  Immortal  
  77  7:05  Probe x2  
  79  7:11  Warp Prism  
  81  7:17  Probe  
  81  7:18  Probe  
  83  7:24  Gateway  
  83  7:25  Gateway  
  83  7:27  Gateway  
  83  7:29  Probe, Gateway  
  84  7:35  Gateway  
  84  7:37  Photon Cannon  
  84  7:38  Gateway  
  84  7:39  Immortal, Photon Cannon  
  84  7:40  Pylon  
  84  7:42  Shield Battery  
  84  7:43  Shield Battery  
  88  7:47  Immortal  
  88  7:51  Photon Cannon  
  92  7:55  Photon Cannon  
  92  8:01  Nexus  
  92  8:17  Zealot  
  92  8:18  Immortal, Zealot  
  100  8:28  Probe  
  100  8:29  Probe  
  100  8:33  Pylon  
  102  8:36  Pylon  
  102  8:40  Protoss Ground Weapons Level 2 (Chrono Boost), Probe  
  102  8:41  Probe  
  104  8:49  Pylon  
  104  8:51  Photon Cannon  
  104  8:52  Probe  
  104  8:53  Probe  
  106  8:56  Photon Cannon  
  106  9:06  Templar Archives  
  106  9:32  Zealot  
  106  9:33  Zealot x3  
  106  9:34  Zealot x4  
  106  9:35  Zealot  
  110  10:23  High Templar  
  110  10:24  High Templar x3  
  110  10:25  High Templar x2  
  116  10:34  Assimilator  
  116  10:35  Archon  
  116  10:36  Archon x2, Assimilator  
  116  10:40  Probe x2, Shield Battery  
  118  10:52  Probe x2  
  118  10:54  Photon Cannon  
  120  10:57  Photon Cannon  
  120  10:59  Gateway  
  120  11:02  Gateway  
  120  11:03  Probe  
  120  11:04  Probe x2  
  122  11:06  Gateway  
  122  11:07  Gateway  
  122  11:09  Stalker x3  
  122  11:10  Stalker x4  
  122  11:11  Stalker x2  
  139  11:15  Probe, Protoss Ground Weapons Level 3 (Chrono Boost)  
  139  11:16  Probe  
  143  11:24  Psionic Storm  
  143  11:28  Photon Cannon  
  143  11:49  Pylon  
  143  11:54  Pylon  
  143  11:58  Pylon  
  143  12:00  Pylon  
  143  12:02  Pylon  
  143  12:03  Zealot x3  
  149  12:09  High Templar  
  149  12:12  High Templar x2  
  149  12:14  High Templar  
  149  12:15  Zealot  
  159  12:16  Zealot x3  
  159  12:18  Zealot  
  159  12:19  Zealot  
  165  12:25  Archon x2  
  145  12:48  High Templar x3  
  145  12:49  High Templar  
  151  12:56  High Templar  
  151  12:57  High Templar x3  
  151  12:58  High Templar  
  161  12:59  Stalker x2  
  161  13:00  Stalker  
  161  13:02  Archon x2  
  167  13:20  Warp Prism  
  167  13:22  Immortal  
  167  13:26  Zealot x5  
  183  13:27  Zealot x3  
  189  13:42  Pylon  
  189  13:44  Pylon  
  189  13:46  Pylon  
  189  14:00  Immortal  
  189  14:01  Nexus  
  193  14:04  Pylon  
  193  14:06  Pylon  
  193  14:08  Pylon  
  193  14:24  Zealot x2  
  193  14:25  Zealot  
  151  15:06  Zealot  
  151  15:07  Zealot x4  
  141  15:08  Zealot x3  
  117  15:36  Stalker x2  
  117  15:38  Stalker x4  
  117  15:39  Stalker x3  
  117  15:40  Stalker x4  
  123  16:18  Shield Battery  
  123  16:20  Shield Battery  
  123  16:23  Zealot x4  
  123  16:24  Assimilator, Zealot x4  
  123  16:25  Zealot x4  
  143  16:26  Assimilator, Zealot  
Tags
 
League
GoldGold
Matchup
PvZ
Opening
Pool First
Replay Pack
20200422
Spawn Locations
Cross Positions
Add a new tag
Caveats
  • Supply blocks, unpowered buildings, or Contaminate may cause inaccurate times.
  • Supply counts are checked every 10 seconds.